 Dungeon Crawl Stone Soup version 0.28-a0-863-g8cecda6153 (webtiles) character file.

Game seed: 2007117006716301689

234790 Woods the Warrior (level 19, 0/153 HPs)
             Began as a Djinni Fire Elementalist on Nov 15, 2021.
             Was the Champion of Makhleb.
             Killed from afar by a crystal guardian (40 damage)
             ... with a crystal bolt
             ... led by a peacekeeper
             ... on level 14 of the Dungeon on Nov 16, 2021.
             The game lasted 02:28:08 (51336 turns).

Woods the Warrior (Djinni Fire Elementalist)       Turns: 51336, Time: 02:28:12

Health: 0/153      AC:  8    Str: 13      XL:     19   Next: 91%
Gold:   2174       EV: 31    Int: 28 (30) God:    Makhleb [******] SH:  0 Dex: 28

rFire   + + .      SeeInvis .   E - +6 Majin-Bo {vamp, MP+6 Int+6}
rCold   . . .      Faith    .   (shield currently unavailable)
rNeg    . . .      Spirit   .   Q - +2 robe {rC+}
rPois   ∞          Reflect  .   x - +1 hat
rElec   .          Harm     .   y - +1 cloak {rPois}
rCorr   .          Rampage  .   Z - +0 pair of gloves
Will    +....                   (boots unavailable)
Stlth   +++++.....              P - amulet of Abstinence {Regen+ Dex+7}
HPRegen 1.35/turn               l - +6 ring of strength
MPRegen 0.00/turn               s - +6 ring of dexterity

@: marked, flying, studying 2 skills
A: sickness immunity, fire resistance 2, cold vulnerability 1, float, innate
caster, hp casting, extra vitality 1
}: 2/15 runes: decaying, gossamer
a: Renounce Religion, Minor Destruction, Lesser Servant of Makhleb, Major
Destruction, Greater Servant of Makhleb


You were on level 14 of the Dungeon.
You worshipped Makhleb.
Makhleb was exalted by your worship.
You visited 7 branches of the dungeon, and saw 33 of its levels.
You also visited: Ice Cave.

You collected 3696 gold pieces.
You spent 1522 gold pieces at shops.

Inventory:

Hand Weapons
 t - a +0 short sword
 v - the +2 Maxwell's thermic engine {flame, freeze}
   (You found it on level 4 of the Spider Nest)

   It burns those it strikes, dealing additional fire damage.
   Big, fiery blades are also staple armaments of hydra-hunters.
   It freezes those it strikes, dealing additional cold damage.
   It can also slow down cold-blooded creatures.
   It becomes more effective when it hits something.
   This effect fades over time.
 E - the +6 Majin-Bo (weapon) {vamp, MP+6 Int+6}
   (You found it on level 9 of the Dungeon)

   It occasionally heals its wielder for a portion of the damage dealt when they
   wound a living foe with it or with a spell.
   Its wielder's spells cost health as well as magical power.
   Int:       It affects your intelligence (+6).
   MP:        It affects your magic capacity (+6).
 H - a +4 scimitar of flaming
Armour
 e - the +2 shield of Resistance {rF++ rC++ Will++}
   (You found it on level 10 of the Dungeon)

   rF:        It greatly protects you from fire.
   rC:        It greatly protects you from cold.
   Will:      It greatly increases your willpower.
 x - a +1 hat (worn)
 y - a +1 cloak of poison resistance (worn)
 I - a +1 troll leather armour {Snorg}
 Q - a +2 robe of cold resistance (worn)
 Z - a +0 pair of gloves (worn)
Jewellery
 l - a +6 ring of strength (left hand)
 s - a +6 ring of dexterity (right hand)
 A - a ring of ice
 B - a +6 ring of strength
 G - a ring of positive energy
 P - the amulet of Abstinence (around neck) {Regen+ Dex+7}
   (You acquired it on level 3 of the Spider Nest)

   [amulet of regeneration]

   Dex:       It affects your dexterity (+7).
   Regen:     It increases your rate of health regeneration.
 U - a ring of see invisible
Wands
 i - a wand of polymorph (9)
 w - a wand of acid (25)
 D - a wand of paralysis (29)
 F - a wand of flame (71)
 N - a wand of charming (18)
 O - a wand of iceblast (4)
 R - a wand of mindburst (29)
Scrolls
 b - a scroll of blinking
 f - a scroll of silence
 g - 7 scrolls of identify
 h - 5 scrolls of teleportation
 o - 2 scrolls of torment
 p - a scroll of enchant weapon
 q - 2 scrolls of brand weapon
 r - 4 scrolls of immolation
 u - 8 scrolls of magic mapping
 z - a scroll of summoning
 J - 9 scrolls of fear
 L - 5 scrolls of enchant armour
 W - 3 scrolls of fog
 X - 2 scrolls of vulnerability
Potions
 a - a potion of ambrosia
 d - 8 potions of heal wounds
 j - 3 potions of might
 k - 7 potions of haste
 m - 3 potions of cancellation
 n - 14 potions of curing
 C - 2 potions of brilliance
 K - 3 potions of resistance
 M - 6 potions of attraction
 V - a potion of mutation {unknown}
 Y - a potion of lignification
Miscellaneous
 S - a lightning rod (4/4)
 T - a tin of tremorstones (2/2)


   Skills:
 - Level 19.0 Fighting
 - Level 7.0 Staves
 - Level 5.0 Armour
 - Level 18.0 Dodging
 + Level 9.6 Stealth
 + Level 16.1 Spellcasting
 - Level 10.0 Invocations


You couldn't memorise any spells.
You knew the following spells:

 Your Spells              Type           Power      Damage    Failure   Level
a - Foxfire               Conj/Fire      100%       2x1d9     0%          1
b - Scorch                Fire           100%       2d10      0%          2
c - Conjure Flame         Conj/Fire      85%        6-21      0%          3
d - Inner Flame           Hex/Fire       85%        N/A       0%          3
e - Flame Wave            Conj/Fire      85%        3d14      1%          4
f - Apportation           Tloc           100%       N/A       0%          1
g - Corpse Rot            Necr/Air       100%       N/A       0%          2
h - Portal Projectile     Hex/Tloc       100%       N/A       0%          3
i - Vampiric Draining     Necr           85%        2d12      0%          3
j - Fireball              Conj/Fire      42%        3d17      1%          5
k - Silence               Hex/Air        42%        N/A       1%          5
l - Simulacrum            Ice/Necr       42%        N/A       1%          6
m - Starburst             Conj/Fire      42%        6d12      1%          6
n - Spellforged Servitor  Conj/Summ      42%        N/A       2%          7
Your spell library was empty.

Dungeon Overview and Level Annotations

Branches:
Dungeon (15/15)            Temple (1/1) D:4            Lair (6/6) D:11
  Swamp (4/4) Lair:3       Spider (4/4) Lair:2        Slime (0/5) Lair:6
    Orc (2/2) D:9             Elf (0/3) Orc:2        Vaults (1/5) D:14
 Depths (0/4) D:15          IceCv (visited)

Altars:
Ashenzari
Cheibriados
Dithmenos
Elyvilon
Fedhas
Gozag
Hepliaklqana
Kikubaaqudgha
Makhleb
Nemelex Xobeh
Okawaru
Qazlal
Ru
Trog
Uskayaw
Vehumet
Wu Jian
Xom
Yredelemnul
Zin
The Shining One
Beogh

Shops:
D:3 (   D:8 [   D:10 ?   D:14 ?   Orc:2 !**[

Annotations:
D:14 1 runed translucent door, exclusion: orange crystal statue
D:15 2 transporters, Opripao's ghost, journeyman MiFi
Lair:3 3 runed translucent doors, Omnamae's ghost, journeyman MiBe
Lair:5 1 runed translucent door, Gaergho's ghost, journeyman DrAK
Lair:6 1 runed translucent door, mandarbmax's ghost, journeyman NaVM
Swamp:2 1 runed translucent door, Xotausus's ghost, adept DsFi
Vaults:1 Nikola


Innate Abilities, Weirdness & Mutations

You are immune to sickness and miasma.
You are immune to poison.
Your flesh is very heat resistant. (rF++)
You are vulnerable to cold. (rC-)
You float through the air rather than walking.
You learn spells naturally, not from books.
Your magical power is your life essence.
You have superior vitality. (+4 HP)


Message History

Nikola the Mad Inventor comes into view.
He is wielding a +2 rapier of electrocution.
There is an open door here.
Items here: ( )) [.
The crystal guardian glitters, brittle, in the dim dungeon light.
Things that are here:
a +0 scale mail; a +0 dire flail
There is a gate leading back out of this place here.
The ironbound thunderhulk hits you with a +0 dire flail!!
The ironbound thunderhulk completely misses you.
The crystal guardian hits you.
The ironbound thunderhulk completely misses you.
You fly up through the gate.
Welcome back to the Dungeon!
Level annotation: 1 runed translucent door, exclusion: orange crystal statue
There is a gate to the Vaults here.
Casting: Starburst (mildly dangerous; 1% risk of failure)
Confirm with . or Enter, or press ? or * to list all spells.
Casting: Starburst (mildly dangerous; 1% risk of failure)
Press: ? - help, Dir - look around, f - activate The bolt of fire hits the crystal guardian.
The crystal guardian completely resists.
The bolt of fire hits the ironbound thunderhulk!!
You feel better.
You kill the ironbound thunderhulk!
Makhleb accepts your kill.
You feel better.
The crystal guardian fires a crystalline bolt at you.
The crystal bolt misses you. The crystal bolt burns you! You resist.
The crystal bolt burns the crystal guardian.
The crystal guardian completely resists.
You feel your intelligence returning.
Press: ? - help, v - describe, . - travel
Here: a crystal guardian The floor.
Casting: Starburst (mildly dangerous; 1% risk of failure)
Confirm with . or Enter, or press ? or * to list all spells.
You summon a servant imbued with your destructive magic!
* * * LOW HITPOINT WARNING * * *
The crystal guardian fires a crystalline bolt at you.
The crystal bolt misses you. The crystal bolt freezes you!!!
You die...

.....##..............G...####'##
.....##....##.......##.....)...#
..........####.....####:.......#
.....##..## ##...## ##.......##
.........## ###'### ##.......'.
.######...####.....####........##
.# #....##.#9..#.##.........# .#
##....#..)....#....###'### .#
#....'...@...'....##..# .#
#....#..9....#....##'##### .#
#...##.#...#.##..........# #####
#..####.....####..##.#.#.' )...#
#.## ###'### ##....#.#.#
....####.## ##...## ##.####.###
..........####.....####.....#...#
....###....##.......##...##.###.#
....# #.........................#


You could see a crystal guardian (ally target) and a friendly spellforged
servitor (summoned).

Vanquished Creatures
  the Lernaean hydra (Swamp:4)
  Arachne (Spider:4)
  Rupert (Lair:2)
  A tentacled monstrosity (Swamp:2)
  A thorn hunter (Swamp:4)
  Gastronok (Lair:2)
  Kirke (Spider:2)
  A fenstrider witch (Swamp:4)
  A vault warden (Vaults:1)
  A deep elf sorcerer (Vaults:1)
  4 ghost moths
  Aizul (Vaults:1)
  4 emperor scorpions
  An ironbound preserver (Vaults:1)
  A very ugly thing (IceCv)
  6 bunyips
  3 entropy weavers
  4 spark wasps (Spider:4)
  3 eleionomae
  Josephine (Orc:1)
  Snorg (D:10)
  2 ironbound thunderhulks
  Fannar (Lair:2)
  3 vault guards (D:14)
  20 hydras
  A peacekeeper (Vaults:1)
  A ghost crab (Swamp:4)
  7 boulder beetles
  Erica (D:10)
  An ogre mage (D:15)
  6 centaur warriors
  7 two-headed ogres
  6 alligators
  A vampire mage (D:15)
  8 death scarabs (Spider:4)
  2 tengu warriors
  A shock serpent (shapeshifter) (D:12)
  Sonja (D:13)
  Urug (Orc:2)
  4 goliath frogs
  A skeletal warrior (D:15)
  3 deep trolls (Vaults:1)
  A harpy (Vaults:1)
  9 bog bodies
  13 swamp dragons
  2 ironbound convokers (Vaults:1)
  3 spriggan druids
  2 wizards
  2 spectral wolf spiders (Spider:4)
  3 orc knights
  A lindwurm (Lair:4)
  11 orb spiders
  A tengu zombie (D:15)
  2 deep elf pyromancers
  A necromancer (D:15)
  2 wolf spider zombies (Spider:4)
  19 wolf spiders
  9 cyclopes
  2 orc sorcerers (Orc:2)
  8 oklob plants
  2 will-o-the-wisps (Swamp:3)
  A manticore (D:11)
  19 ugly things
  5 elephants (Lair:6)
  A spriggan zombie (D:15)
  4 moths of wrath
  Joseph (D:9)
  A frost giant zombie (D:15)
  Maurice (D:9)
  3 torpor snails
  3 black mambas
  Maggie (D:10)
  3 vault sentinels (Vaults:1)
  18 cane toads
  2 molten gargoyles (D:13)
  Psyche (D:10)
  An unseen horror (D:10)
  3 rime drakes
  16 demonic crawlers
  A spectral redback (Spider:4)
  A guardian mummy (D:14)
  2 kobold demonologists
  8 komodo dragons
  A golden dragon simulacrum (IceCv)
  3 yaktaurs (Vaults:1)
  A polar bear (Lair:3)
  4 trolls
  32 jumping spiders
  2 bloated husks
  14 blink frogs
  A hornet (shapeshifter) (D:14)
  A wind drake (shapeshifter) (D:8)
  12 hornets
  15 tyrant leeches
  4 jumping spider zombies (Spider:4)
  26 slime creatures
  5 spectral tarantellas (Spider:4)
  13 dream sheep
  A spectral jumping spider (Spider:4)
  A centaur simulacrum (D:15)
  7 wyverns
  7 spriggans
  A shadow (D:11)
  An ettin skeleton (D:15)
  20 tarantellas
  7 wraiths
  61 yaks
  62 redbacks
  3 fire bats (D:10)
  3 basilisks
  5 hogs (Spider:2)
  12 vampire mosquitoes
  3 steam dragons
  A harpy simulacrum (IceCv)
  A warg (Orc:1)
  16 swamp worms
  Edmund (D:5)
  22 water moccasins
  A hydra simulacrum (IceCv)
  26 orc warriors
  3 spectral hornets (Spider:4)
  An ice beast (D:7)
  A sky beast (D:8)
  A hornet zombie (Spider:4)
  4 alligator simulacra (IceCv)
  5 swamp drakes (Swamp:4)
  3 black bears
  A necrophage (D:3)
  9 wolves
  22 centaurs
  7 ogres
  A boggart (Vaults:1)
  4 kobold brigands
  23 bullfrogs
  4 scorpions
  10 killer bees
  A lindwurm simulacrum (IceCv)
  6 wights
  5 howler monkeys
  3 electric eels
  A bullfrog zombie (D:6)
  5 lava snakes (D:13)
  7 centaur zombies
  3 jellies
  14 orc priests
  A hound (D:5)
  3 centaur skeletons
  2 gnoll shamans
  3 iguanas
  9 orc wizards
  12 hell rats (Lair:6)
  Robin (D:2)
  5 gnolls (D:5)
  A howler monkey skeleton (D:7)
  7 adders
  A shadow imp (D:7)
  3 white imps
  3 ufetubi
  An adder skeleton (D:4)
  A worm (D:3)
  A dart slug (D:4)
  61 orcs
  3 ball pythons
  7 endoplasms
  5 giant cockroaches
  13 goblins
  15 hobgoblins
  2 quokkas
  5 bats
  3 frilled lizards
  A goblin zombie (D:6)
  3 hobgoblin zombies (D:6)
  33 kobolds
  An orc skeleton (D:6)
  An orc zombie (D:6)
  7 rats
  2 bushes (Lair:4)
1062 creatures vanquished.

Vanquished Creatures (collateral kills)
  Frances (Spider:2)
  An emperor scorpion (Spider:4)
  2 hydras
  A spriggan druid (Swamp:2)
  A will-o-the-wisp (Swamp:2)
  5 wolf spiders
  A cane toad (Lair:6)
  A redback zombie (Spider:4)
  A demonic crawler (Spider:4)
  3 jumping spiders
  A hornet (Spider:4)
  6 redbacks
  2 tarantellas (Spider:2)
  A foxfire (Lair:2)
27 creatures vanquished.

Vanquished Creatures (others)
  A spriggan (Swamp:2)
  A giant cockroach (D:4)
  244 foxfires
  41 fungi
  151 plants
  6 withered plants (D:15)
444 creatures vanquished.

Grand Total: 1533 creatures vanquished

Notes
Turn   | Place    | Note
-------+----------+-------------------------------------------
     0 | D:1      | Woods the Djinni Fire Elementalist began the quest for the
                  | Orb.
     0 | D:1      | Reached XP level 1. HP: 15/15 MP: 0/0
   215 | D:1      | Reached XP level 2. HP: 19/21 MP: 0/0
   721 | D:1      | Reached XP level 3. HP: 22/25 MP: 0/0
   721 | D:1      | Learned a level 1 spell: Apportation
  1653 | D:2      | Reached XP level 4. HP: 12/31 MP: 0/0
  1922 | D:2      | Noticed Robin
  1931 | D:2      | Killed Robin
  2651 | D:2      | Found a faded altar of an unknown god.
  2701 | D:2      | Noticed a scorpion
  2703 | D:2      | Killed a scorpion
  2704 | D:2      | Reached XP level 5. HP: 26/35 MP: 0/0
  2704 | D:2      | Learned a level 2 spell: Corpse Rot
  3159 | D:3      | Noticed a necrophage
  3177 | D:3      | Killed a necrophage
  3178 | D:3      | Reached skill level 5 in Spellcasting
  3178 | D:3      | Reached XP level 6. HP: 20/40 MP: 0/0
  4023 | D:3      | Noticed an ogre
  4030 | D:3      | Killed an ogre
  4031 | D:3      | Reached XP level 7. HP: 35/45 MP: 0/0
  4031 | D:3      | Learned a level 3 spell: Portal Projectile
  4387 | D:3      | Found Rikkamij's Weapon Emporium.
  5224 | D:4      | Found a hazy altar of Hepliaklqana.
  5399 | D:4      | Found a staircase to the Ecumenical Temple.
  5406 | Temple   | Entered the Ecumenical Temple
  5976 | D:4      | Noticed a steam dragon
  6018 | D:4      | Killed a steam dragon
  6019 | D:4      | Reached skill level 1 in Fighting
  6037 | D:4      | Reached skill level 2 in Fighting
  6456 | D:4      | Reached XP level 8. HP: 46/55 MP: 0/0
  6532 | D:4      | Reached skill level 3 in Fighting
  6582 | D:4      | Found a burning altar of Makhleb.
  6616 | D:4      | Found a sacrificial altar of Ru.
  6678 | D:4      | Became a worshipper of Makhleb the Destroyer
  6973 | D:5      | Entered Level 5 of the Dungeon
  6982 | D:5      | Noticed Edmund
  6993 | D:5      | Killed Edmund
  7178 | D:5      | Reached skill level 4 in Fighting
  7354 | D:5      | Noticed a gargoyle
  7429 | D:5      | Reached skill level 5 in Dodging
  7604 | D:5      | Reached skill level 5 in Fighting
  7802 | D:5      | Reached XP level 9. HP: 59/65 MP: 0/0
  7802 | D:5      | Learned a level 3 spell: Vampiric Draining
  8568 | D:6      | Found a white marble altar of Elyvilon.
  9085 | D:6      | Reached * piety under Makhleb
  9363 | D:6      | Found a glowing golden altar of the Shining One.
 10669 | D:7      | Found an opulent altar of Gozag.
 10947 | D:7      | Reached skill level 6 in Fighting
 11861 | D:8      | Found Loddoan's Antique Armour Boutique.
 11869 | D:8      | Bought a glowing hat for 133 gold pieces
 11869 | D:8      | Bought a glowing cloak for 142 gold pieces
 11894 | D:8      | Reached XP level 10. HP: 61/73 MP: 0/0
 11894 | D:8      | Reached ** piety under Makhleb
 12432 | D:8      | Reached skill level 7 in Fighting
 12606 | D:8      | Noticed a cyclops
 12628 | D:8      | Killed a cyclops
 13064 | D:8      | Reached skill level 10 in Dodging
 13492 | D:8      | Reached skill level 1 in Invocations
 13827 | D:9      | Noticed Joseph
 13933 | D:9      | Noticed Maurice
 13936 | D:9      | Paralysed by Maurice for 3 turns
 13953 | D:9      | Paralysed by something for 2 turns
 13955 | D:9      | Killed Maurice
 13956 | D:9      | Reached XP level 11. HP: 60/79 MP: 0/0
 13956 | D:9      | Learned a level 5 spell: Fireball
 14234 | D:9      | Found the +6 Majin-Bo {vamp, MP+6 Int+6}
 14482 | D:9      | Found a blossoming altar of Fedhas.
 14746 | D:9      | Found a staircase to the Orcish Mines.
 14965 | D:9      | Killed Joseph
 14966 | D:9      | Reached skill level 5 in Stealth
 15253 | D:10     | Entered Level 10 of the Dungeon
 15334 | D:10     | Reached skill level 8 in Fighting
 15606 | D:10     | Noticed a two-headed ogre
 15615 | D:10     | Killed a two-headed ogre
 15615 | D:10     | Reached *** piety under Makhleb
 15646 | D:10     | Noticed Erica
 15666 | D:10     | Killed Erica
 15892 | D:10     | Noticed Snorg
 15902 | D:10     | Killed Snorg
 15952 | D:10     | Noticed Psyche
 15966 | D:10     | Reached skill level 5 in Invocations
 16161 | D:10     | Found Rusaothr Zesu's Magic Scroll Emporium.
 16166 | D:10     | Reached skill level 9 in Fighting
 16169 | D:10     | Killed Psyche
 16177 | D:10     | Bought a scroll of fear for 49 gold pieces
 16177 | D:10     | Bought a scroll of blinking for 105 gold pieces
 16177 | D:10     | Bought a scroll of identify for 28 gold pieces
 16243 | D:10     | You are sucked into a shaft and drop 2 floors!
 16382 | D:10     | Noticed Maggie
 16393 | D:10     | Killed Maggie
 16726 | D:10     | Found the +2 shield of Resistance {rF++ rC++ Will++}
 16868 | D:10     | Reached XP level 12. HP: 49/89 MP: 0/0
 17229 | D:11     | Reached skill level 10 in Spellcasting
 17442 | D:11     | Found a staircase to the Lair.
 17977 | D:11     | Noticed a two-headed ogre
 17987 | D:11     | Killed a two-headed ogre
 18277 | D:11     | Reached **** piety under Makhleb
 18340 | D:11     | Found a hazy altar of Hepliaklqana.
 19174 | D:12     | Noticed a shock serpent
 19174 | D:12     | a manticore changed into a shock serpent
 19177 | D:12     | Killed a shock serpent
 19459 | D:12     | Reached XP level 13. HP: 69/94 MP: 0/0
 19459 | D:12     | Learned a level 5 spell: Silence
 19839 | D:12     | Noticed a centaur warrior
 19846 | D:12     | Killed a centaur warrior
 20273 | D:12     | HP: 3/94 [white ugly thing (45)]
 20879 | Lair:1   | Entered Level 1 of the Lair of Beasts
 21527 | Lair:1   | Reached skill level 10 in Fighting
 21947 | Lair:2   | Noticed Fannar
 21955 | Lair:2   | Killed Fannar
 22454 | Lair:2   | Found a glowing silver altar of Zin.
 22459 | Lair:2   | Found a hole to the Spider Nest.
 22480 | Lair:2   | Noticed Gastronok
 22486 | Lair:2   | Killed Gastronok
 23188 | Lair:3   | Noticed Rupert
 23215 | Lair:2   | Killed Rupert
 23216 | Lair:2   | Reached skill level 11 in Fighting
 23554 | Lair:3   | Noticed a six-headed hydra
 23558 | Lair:3   | Killed a six-headed hydra
 23559 | Lair:3   | Reached ***** piety under Makhleb
 23599 | Lair:3   | Reached skill level 12 in Fighting
 23599 | Lair:3   | Reached XP level 14. HP: 44/107 MP: 0/0
 23974 | Lair:3   | Found a runed translucent gate.
 23974 | Lair:3   | Found a runed translucent gate.
 23974 | Lair:3   | Found a runed translucent gate.
 23974 | Lair:3   | Noticed Omnamae's ghost (journeyman MiBe)
 24834 | Lair:3   | Found a staircase to the Swamp.
 25109 | Lair:3   | Identified the +0 leather armour "Josihotz" {-Cast Str+6}
 25896 | Lair:4   | Found a blossoming altar of Fedhas.
 26694 | Lair:5   | Reached skill level 13 in Fighting
 27000 | Lair:5   | Upgraded the game from 0.28-a0-861-ge64d6db94f to
                  | 0.28-a0-863-g8cecda6153
 27343 | Lair:5   | Noticed Gaergho's ghost (journeyman DrAK)
 27344 | Lair:5   | Found a runed translucent door.
 27835 | Lair:6   | Entered Level 6 of the Lair of Beasts
 28023 | Orc:1    | Entered Level 1 of the Orcish Mines
 28167 | Orc:1    | Noticed Josephine
 28182 | Orc:1    | Killed Josephine
 28530 | Orc:2    | Entered Level 2 of the Orcish Mines
 28537 | Orc:2    | Reached skill level 15 in Dodging
 28652 | Orc:2    | Reached XP level 15. HP: 88/115 MP: 0/0
 28652 | Orc:2    | Learned a level 6 spell: Simulacrum
 28665 | Orc:2    | Reached ****** piety under Makhleb
 29194 | Orc:2    | Found Paskucoi's Assorted Antiques.
 29194 | Orc:2    | Found Jono's General Store.
 29196 | Orc:2    | Found Pyacigac's Distillery.
 29198 | Orc:2    | Found Vatuchon's Armour Boutique.
 29529 | Orc:2    | Found a staircase to the Elven Halls.
 29578 | Orc:2    | Noticed Urug
 29582 | Orc:2    | Killed Urug
 29942 | Orc:2    | Bought a potion of haste for 140 gold pieces
 29942 | Orc:2    | Bought a potion of curing for 42 gold pieces
 29944 | Orc:2    | Bought a potion of haste for 130 gold pieces
 29945 | Orc:2    | Bought a potion of curing for 117 gold pieces
 29945 | Orc:2    | Bought a scroll of fear for 136 gold pieces
 29947 | Orc:2    | Bought a +0 pair of gloves for 45 gold pieces
 30254 | D:12     | Identified the +2 ring mail of Yesterday {rC+}
 30346 | D:12     | Identified a scroll of acquirement
 30347 | D:12     | Acquired a manual of Dodging
 31059 | D:13     | Reached skill level 14 in Fighting
 32216 | D:13     | Noticed Sonja
 32311 | D:13     | Killed Sonja
 32312 | D:13     | Reached skill level 1 in Staves
 32312 | D:13     | Found an iron altar of Okawaru.
 32737 | D:14     | Found a frozen archway.
 33013 | IceCv    | Entered an ice cave
 33013 | IceCv    | Noticed a white very ugly thing
 33018 | IceCv    | Killed a white very ugly thing
 33266 | IceCv    | Found a transporter.
 33270 | IceCv    | Noticed a white very ugly thing
 33280 | IceCv    | Found a transporter.
 34102 | D:14     | Found a runed translucent door.
 34226 | D:14     | Found a gate to the Vaults.
 34454 | D:14     | Found Begoin's Magic Scroll Shoppe.
 34462 | D:14     | Bought a scroll of magic mapping for 49 gold pieces
 34462 | D:14     | Bought a scroll of magic mapping for 49 gold pieces
 34462 | D:14     | Bought a scroll of magic mapping for 49 gold pieces
 34462 | D:14     | Bought a scroll of fog for 28 gold pieces
 34462 | D:14     | Bought 2 scrolls of blinking for 210 gold pieces
 34462 | D:14     | Bought a scroll of teleportation for 42 gold pieces
 34462 | D:14     | Bought a scroll of fog for 28 gold pieces
 34470 | D:15     | Entered Level 15 of the Dungeon
 34470 | D:15     | Found a staircase to the Depths.
 34553 | D:15     | Reached XP level 16. HP: 117/124 MP: 0/0
 34564 | D:15     | Reached skill level 15 in Fighting
 35374 | D:15     | Reached skill level 5 in Staves
 35564 | D:15     | Noticed a tengu reaver
 35800 | D:15     | Found a basalt altar of Yredelemnul.
 36150 | D:15     | Found a transporter.
 36152 | D:15     | Noticed Opripao's ghost (journeyman MiFi)
 36158 | D:15     | Found a transporter.
 37389 | Lair:6   | Found a runed translucent door.
 37390 | Lair:6   | Noticed mandarbmax's ghost (journeyman NaVM)
 37851 | Lair:6   | Identified the +10 hunting sling of Yleoxkung {venom,
                  | Dex+2}
 38025 | Lair:6   | Reached skill level 15 in Spellcasting
 38274 | Lair:6   | Reached skill level 1 in Armour
 38454 | Lair:6   | Found a staircase to the Slime Pits.
 39167 | Spider:1 | Entered Level 1 of the Spider Nest
 39175 | Spider:1 | Reached XP level 17. HP: 127/131 MP: 0/0
 39175 | Spider:1 | Learned a level 6 spell: Starburst
 41766 | Spider:2 | Reached skill level 5 in Armour
 41967 | Spider:2 | Noticed Kirke
 41979 | Spider:2 | Killed Kirke
 41980 | Spider:2 | Reached skill level 16 in Fighting
 41980 | Spider:2 | Reached skill level 10 in Invocations
 42447 | Spider:2 | Identified the +13 crystal plate armour "Loecvym" {Harm rN+
                  | Int+4}
 42768 | Spider:2 | Noticed Frances
 42774 | Spider:2 | Killed Frances
 43936 | Spider:3 | Reached skill level 17 in Fighting
 44386 | Spider:3 | Identified the +0 robe "Qahon" {Str+4}
 44508 | Spider:3 | Acquired the amulet of Abstinence {Regen+ Dex+7}
 45065 | Spider:4 | Entered Level 4 of the Spider Nest
 45065 | Spider:4 | Found the +2 Maxwell's thermic engine {flame, freeze}
 45073 | Spider:4 | Reached XP level 18. HP: 138/143 MP: 0/0
 45078 | Spider:4 | Noticed Arachne
 45085 | Spider:4 | Killed Arachne
 45193 | Spider:4 | Reached skill level 18 in Fighting
 45950 | Spider:4 | Reached skill level 19 in Fighting
 46629 | Spider:4 | Got a gossamer rune of Zot
 46815 | Swamp:1  | Entered Level 1 of the Swamp
 47290 | Swamp:1  | Acquired 536 gold pieces
 47527 | Swamp:2  | Reached XP level 19. HP: 113/153 MP: 0/0
 47527 | Swamp:2  | Learned a level 7 spell: Spellforged Servitor
 47773 | Swamp:2  | Noticed a tentacled monstrosity
 47786 | Swamp:2  | Killed a tentacled monstrosity
 47924 | Swamp:2  | Found a runed translucent door.
 47925 | Swamp:2  | Found a shimmering altar of Xom.
 47925 | Swamp:2  | Noticed Xotausus's ghost (adept DsFi)
 48873 | Swamp:4  | Entered Level 4 of the Swamp
 49221 | Swamp:4  | Noticed the 27-headed Lernaean hydra
 49433 | Swamp:4  | Killed the 27-headed Lernaean hydra
 49732 | Swamp:4  | Got a decaying rune of Zot
 50059 | Vaults:1 | Entered Level 1 of the Vaults
 50082 | Vaults:1 | Noticed Aizul
 50098 | Vaults:1 | Killed Aizul
 51324 | Vaults:1 | Noticed Nikola
 51336 | D:14     | Killed from afar by a crystal guardian

Illustrated notes

Levels and vault maps discovered:
D:1:      dpeg_arrival_rhombi, layout_basic
D:2:      layout_loops_ring, ebering_ecumenical_altar_ruins, kennysheep_boxes,
          uniq_robin
D:3:      layout_basic, serial_shops, nicolae_shop_stone, minmay_misc_feat_x,
          serial_bayou_pond_c, grunt_ministairs_1, st_stairs_2,
          minmay_misc_feat_columns, minmay_cut_off
D:4:      layout_basic, mainiacjoe_overflow_brackets, overflow_temple_1_default,
          mainiacjoe_overflow_surrounded_room, temple_fountains,
          minmay_manual_mandibuliform
D:5:      layout_loops_ring, uniq_edmund
D:6:      kennysheep_kobold_camp, layout_loops_ring,
          nicolae_tso_besieged_by_evil, nicolae_overflow_squiral, minivault_26,
          item_on_display_b
D:7:      layout_loops_cross, grunt_gozag_statues
D:8:      cheibrodos_ideogram_h, layout_basic, serial_shops, shop
D:9:      layout_basic, mainiacjoe_overflow_cross_hatched, orc_0_dummy,
          uniq_joseph, uniq_maurice
D:10:     layout_roguey, lemuel_blue_sif_altar, serial_shops, shop_scrolls,
          hangedman_incinerator, uniq_maggie, uniq_snorg, uniq_erica,
          uniq_psyche
D:11:     layout_basic, minmay_lair_entry_grove, nzn_hepliaklqana_mist_gate
D:12:     layout_basic
D:13:     cheibrodos_magma_flow, layout_grid_maze, st_stairs_11,
          okawaru_metal_pillars_1_2, uniq_sonja
D:14:     layout_roguey, lightli_vaults_fourway_checkpoint,
          minmay_splitting_lines, serial_shops, nicolae_lakefront_shop,
          portal_ice_cave_entry_pillars_2, minmay_crystal_box
D:15:     gammafunk_depths_entry_grave, layout_loops_corners,
          yredelemnul_altar_generic, gammafunk_ghost_arena
Temple:   nicolae_temple_figure_eight
Lair:1:   layout_misc_corridors
Lair:2:   layout_chaotic_city, dummy_spider_entry, basic_altar, serial_rivers,
          chequers_serial_rivers_micro_a, chequers_serial_rivers_small_3,
          chequers_serial_rivers_room_a, chequers_serial_rivers_large_b,
          chequers_serial_rivers_micro_e, worms_lemuel, uniq_fannar,
          uniq_gastronok
Lair:3:   layout_long_grid, nicolae_swamp_entry_splash_gauntlet,
          ebering_ghost_rock_garden, wad_woods_road_05, uniq_rupert
Lair:4:   layout_long_grid, hangedman_tree_tricks, serial_bayou_shore_a,
          lemuel_fruit_tree
Lair:5:   nzn_winding_woodlands_cross [nzn_winding_woodlands_5x15_lazy_stream,
          nzn_winding_woodlands_5x15_pool, nzn_winding_woodlands_5x15_pockets,
          nzn_winding_woodlands_5x15_parted,
          nzn_winding_woodlands_15x15_eel_pit], layout_small_grid,
          hellmonk_ghost_happy_afterlife
Lair:6:   minmay_lair_end_frog_pond, layout_concentric_octagons,
          minmay_slime_entry_oklob_enclosed, gammafunk_ghost_grave
Swamp:1:  layout_falls_marsh, serial_swamp_ruin, evilmike_swamp_ruin_house_6,
          evilmike_swamp_ruin_house_4, swamp_pool1
Swamp:2:  layout_falls_marsh, ebering_ghost_xom, evilmike_swamp_ruin_house_1,
          swamp_pool4
Swamp:3:  layout_basic_swamp, nicolae_swamp_tree_isthmus, swamp_pool4,
          water_boxes_lemuel, infiniplex_staircase_pool
Swamp:4:  swamp_old_school, layout_basic_swamp
Spider:1: layout_spider_delve, drop_trap, nicolae_spider_rock_and_or_roll
Spider:2: layout_chambers, uniq_kirke, uniq_frances
Spider:3: layout_chambers, nicolae_spider_circle_web
Spider:4: floodkiller_spider_rune_tomb, uniq_arachne
Orc:1:    layout_caves, minmay_orc_temple_a, uniq_josephine
Orc:2:    st_orc_rangers, layout_caves, basic_altar, uniq_urug
Vaults:1: nicolae_vaults_big_ls, hangedman_vaults_restitches,
          hangedman_vaults_restitches, hangedman_vaults_restitches,
          nicolae_vaults_little_squares_4, hangedman_vaults_stretched_pinwheel,
          vaults_room_semicircle, v_rooms_4, ontoclasm_vaults_pinch,
          hangedman_vaults_impose, vaults_room_grunt_arrival_ludios,
          vaults_room_semicircle, vaults_dpeg_ring, layout_vaults_ring,
          serial_shops, nicolae_shop_waterfront, uniq_aizul, uniq_nikola

Skill      XL: |  1  2  3  4  5  6  7  8  9 10 11 12 13 14 15 16 17 18 19 |
---------------+----------------------------------------------------------+-----
Spellcasting   | 3 4 5 6 7 9 12 13 15 16 | 16.1
Fighting       | 2 5 6 7 9 12 13 14 15 17 19 | 19.0
Stealth        | 2 4 6 7 9 |  9.6
Dodging        | 3 5 7 10 12 15 16 18 | 18.0
Invocations    | 1 5 8 10 | 10.0
Staves         | 4 7 |  7.0
Armour         | 2 5 |  5.0

Action                   |  1- 3 |  4- 6 |  7- 9 | 10-12 | 13-15 | 16-18 | 19-21 || total
-------------------------+-------+-------+-------+-------+-------+-------+-------++-------
Melee: Unarmed           |     4 |       |     9 |       |       |       |       ||    13
       Short sword       |       |       |    11 |     1 |       |       |       ||    12
       Quarterstaff      |       |       |       |       |    21 |    28 |     5 ||    54
 Cast: Foxfire           |    60 |    13 |    17 |    14 |    44 |       |       ||   148
       Scorch            |       |    49 |   178 |   246 |   101 |    14 |       ||   588
       Conjure Flame     |       |     5 |    16 |    31 |     5 |     1 |     1 ||    59
       Corpse Rot        |       |     1 |     1 |       |       |       |       ||     2
       Flame Wave        |       |       |     7 |    22 |    72 |    55 |     1 ||   157
       Vampiric Draining |       |       |    22 |    15 |    16 |       |       ||    53
       Inner Flame       |       |       |     1 |       |     2 |       |       ||     3
       Fireball          |       |       |       |     8 |   244 |   344 |   133 ||   729
       Silence           |       |       |       |       |     3 |       |     6 ||     9
       Portal Projectile |       |       |       |       |     2 |       |       ||     2
       Apportation       |       |       |       |       |     1 |       |     1 ||     2
       Simulacrum        |       |       |       |       |     3 |    22 |     1 ||    26
       Starburst         |       |       |       |       |       |   114 |    64 ||   178
       Spellforged Servi |       |       |       |       |       |       |     3 ||     3
Evoke: Lightning rod     |       |       |       |       |     1 |       |       ||     1
  Use: Scroll            |       |       |     2 |    15 |    15 |     6 |     5 ||    43
       Potion            |       |       |       |     1 |     1 |     2 |     6 ||    10
Armor: Robe              |     3 |     3 |    10 |    19 |    23 |    70 |    13 ||   141
       Skin              |       |       |       |     1 |       |       |       ||     1
Dodge: Dodged            |    13 |     6 |    74 |   122 |   224 |   420 |   121 ||   980

Table legend: (Time is in decaauts)
 A = Elapsed time spent in this place.
 B = Non-inter-level travel time spent in this place.
 C = Inter-level travel time spent in this place.
 D = Time resting spent in this place.
 E = Time spent auto-exploring this place.
 F = Levels seen in this place.
 G = Mean time per level.
                   A        B        C        D        E       F      G
               +--------+--------+--------+--------+--------+-----+--------+
         Total |  51362 |  48941 |   2421 |  16271 |  24867 |  34 | 1510.6 |
       Dungeon |  28265 |  26961 |   1304 |   8863 |  13976 |  15 | 1884.3 |
        Temple |    213 |    208 |      5 |      0 |    199 |   1 |  213.0 |
          Lair |  10918 |  10409 |    509 |   4254 |   4686 |   6 | 1819.7 |
         Swamp |   3011 |   2764 |    247 |    522 |   1593 |   4 |  752.8 |
   Spider Nest |   6402 |   6141 |    261 |   1820 |   3336 |   4 | 1600.5 |
  Orcish Mines |   1969 |   1877 |     92 |    558 |    975 |   2 |  984.5 |
        Vaults |    288 |    288 |      0 |      9 |    102 |   1 |  288.0 |
      Ice Cave |    292 |    292 |      0 |    245 |      0 |   1 |  292.0 |
               +--------+--------+--------+--------+--------+-----+--------+

Top non-repeatable levels by time:
  Lair:2: 2890 daAuts
  Lair:6: 2508 daAuts
    D:13: 2391 daAuts
    D:12: 2359 daAuts
    D:14: 2356 daAuts
    D:11: 2253 daAuts
Spider:2: 2220 daAuts
     D:8: 2007 daAuts
    D:10: 1973 daAuts
     D:3: 1957 daAuts
     D:6: 1947 daAuts
  Lair:3: 1823 daAuts
    D:15: 1799 daAuts
     D:4: 1740 daAuts
     D:5: 1734 daAuts
